 Dungeon Crawl Stone Soup version 0.23.2-1-ga50397a (webtiles) character file.

Game seed: 886550093941824173

350 doot the Poker (level 6, 0/49 HPs)
             Began as a Merfolk Abyssal Knight on May 22, 2019.
             Was a Believer of Lugonu.
             Slain by an orc wizard
             ... wielding a +0 dagger
              (3 damage)
             ... on level 4 of the Dungeon.
             The game lasted 00:07:04 (3591 turns).

doot the Poker (Merfolk Abyssal Knight)             Turns: 3591, Time: 00:07:04

Health: 0/49       AC:  4    Str: 13    XL:     6   Next: 61%
Magic:  7/8        EV: 15    Int: 12    God:    Lugonu [**....]
Gold:   94         SH:  0    Dex: 14    Spells: 5/5 levels left

rFire    . . .     SeeInvis .   l - +0 halberd
rCold    . . .     Gourm    .   (shield currently unavailable)
rNeg     . . .     Faith    .   b - +1 leather armour
rPois    .         Spirit   .   (no helmet)
rElec    .         Reflect  .   (no cloak)
rCorr    .         Harm     .   (no gloves)
MR       .....                  (no boots)
Stlth    +.........             (no amulet)
HPRegen  0.16/turn              (no ring)
MPRegen  0.11/turn              n - +2 ring of evasion

@: lethally poisoned (0 -> -2)
A: change form in water, swift swim, stealthy swim
a: Depart the Abyss, Bend Space, Renounce Religion


You were on level 4 of the Dungeon.
You worshipped Lugonu.
Lugonu was pleased with you.
You were not hungry.

You visited 1 branch of the dungeon, and saw 4 of its levels.
You visited the Abyss 1 time.

You collected 94 gold pieces.

Inventory:

Hand Weapons
 a - a +1 spear
 l - a +0 halberd (weapon)
Armour
 b - a +1 leather armour (worn)
Jewellery
 n - a +2 ring of evasion (right hand)
Potions
 m - a potion of flight
Comestibles
 c - 5 rations
 f - 5 chunks of flesh


   Skills:
 + Level 4.4 Fighting
 + Level 6.4 Polearms
 + Level 2.1 Armour
 + Level 3.9 Dodging
 + Level 0.5 Stealth
 * Level 3.1 Invocations


You had 5 spell levels left.
You didn't know any spells.
Your spell library was empty.

Dungeon Overview and Level Annotations

Branches:
Dungeon (4/15)
 Temple: D:4-7

Altars:

Annotations:
D:2 1 runed translucent door, Crazy Yiuf
D:4 1 transporter


Message History

You are poisoned.
The worker ant poisons you! The worker ant closely misses you.
You barely miss the worker ant.
The worker ant is severely wounded.
You feel sick. The worker ant bites you.
* * * LOW HITPOINT WARNING * * *
You hit the worker ant but do no damage.
The worker ant is severely wounded.
You feel sick. The worker ant bites you.
* * * LOW HITPOINT WARNING * * *
The worker ant completely misses you.
Unknown command.
You puncture the worker ant!
You kill the worker ant!
Lugonu accepts your kill.
Unknown command.
You miss something.
* * * LOW HITPOINT WARNING * * *
You feel sick. Something hits you.
You die...

# #. !### ...
#.#
#######§####
.....O.§§.@#
######§####
#.# ###{####
#......#
#.####.###.##
#.......o..<#
######.##..##
>.......#


There were no monsters in sight!

Vanquished Creatures
  A phantom (D:3)
  An orc priest (D:2)
  A worker ant (D:4)
  A hound skeleton (D:3)
  2 adders (D:2)
  11 gnolls
  2 worms (D:2)
  3 dart slugs (D:1)
  2 leopard geckos
  An orc (D:2)
  5 giant cockroaches
  7 goblins
  7 hobgoblins
  5 jackals
  5 bats
  8 frilled lizards
  3 kobolds
  4 rats
69 creatures vanquished.

Notes
Turn   | Place    | Note
-------+----------+-------------------------------------------
     0 | Abyss:1  | doot the Merfolk Abyssal Knight began the quest for the
                  | Orb.
     0 | Abyss:1  | Reached XP level 1. HP: 18/18 MP: 2/2
    69 | Abyss:1  | Noticed a raiju
   129 | Abyss:1  | Noticed a starcursed mass
   138 | Abyss:1  | Noticed a lich
   140 | Abyss:1  | Noticed a raiju
   142 | D:1      | Escaped the Abyss
   489 | D:1      | Reached XP level 2. HP: 16/24 MP: 3/3
   605 | D:1      | Reached skill level 1 in Armour
   709 | D:1      | Reached * piety under Lugonu
   828 | D:1      | Reached XP level 3. HP: 26/30 MP: 4/4
  1402 | D:2      | Reached XP level 4. HP: 19/37 MP: 5/5
  1408 | D:2      | Reached skill level 4 in Polearms
  2133 | D:2      | Reached ** piety under Lugonu
  2318 | D:2      | Reached XP level 5. HP: 14/42 MP: 6/6
  2642 | D:2      | Reached skill level 5 in Polearms
  2803 | D:2      | Found a runed translucent door.
  2804 | D:2      | Noticed Crazy Yiuf
  3051 | D:3      | Noticed a phantom
  3092 | D:3      | Killed a phantom
  3092 | D:3      | Reached skill level 6 in Polearms
  3092 | D:3      | Reached XP level 6. HP: 38/48 MP: 6/8
  3569 | D:4      | Found a transporter.
  3591 | D:4      | Slain by an orc wizard

Skill      XL: |  1  2  3  4  5  6 |
---------------+-------------------+-----
Armour         | 1 2 |  2.1
Dodging        | 3 |  3.9
Polearms       | 4 6 |  6.4
Fighting       | 4 |  4.4
Invocations    | 3 |  3.1
Stealth        | |  0.5

Action                   |  1- 3 |  4- 6 || total
-------------------------+-------+-------++-------
Melee: Spear             |   141 |   128 ||   269
       Halberd           |       |    85 ||    85
Invok: Depart the Abyss  |     1 |       ||     1
       Bend Space        |       |     2 ||     2
  Use: Potion            |       |     1 ||     1
       Scroll            |       |     5 ||     5
 Stab: Sleeping          |     1 |       ||     1
  Eat: Chunk             |     2 |     7 ||     9
Armor: Leather armour    |    16 |     3 ||    19
       Ring mail         |    22 |    39 ||    61
Dodge: Dodged            |    71 |   100 ||   171
